 Dungeon Crawl Stone Soup version 0.32-a0-42-ga30500b4d3 (webtiles) character file.

Game seed: 17481059531417978221

416 cforsyth the Trooper (level 7, -6/54 HPs)
             Began as a Djinni Warper on Feb 1, 2024.
             Mangled by a wight
             ... wielding a +4 long sword
              (9 damage)
             ... on level 5 of the Dungeon.
             The game lasted 00:09:05 (3225 turns).

cforsyth the Trooper (Djinni Warper)                Turns: 3225, Time: 00:09:05

Health: -6/54      AC:  5    Str: 10    XL:     7   Next: 15%
Gold:   141        EV: 11    Int: 16    God:
                   SH:  0    Dex: 13

rFire   + + .        h - +1 short sword (flame)
rCold   x . .        (no shield)
rNeg    . . .        b - +0 leather armour
rPois   ∞            v - +0 helmet
rElec   .            o - +0 cloak
rCorr   .            (no gloves)
SInv    .            (boots unavailable)
Will    .....        (no amulet)
Stlth   +            (no ring)
HPRegen 0.29/turn    (no ring)
MPRegen 0.00/turn

%: infuse magic (-7 HP)
@: mighty, flying
A: sickness immunity, fire resistance 2, cold vulnerability 1, float, innate
caster, HP casting, extra vitality 1
a: no special abilities


You were on level 5 of the Dungeon.
You visited 1 branch of the dungeon, and saw 5 of its levels.

You collected 201 gold pieces.
You spent 60 gold pieces at shops.

Inventory:

Hand Weapons
 a - a +0 falchion
 h - a +1 short sword of flaming (weapon)
Missiles
 d - 2 darts of dispersal
 k - 5 poisoned darts
Armour
 b - a +0 leather armour (worn)
 g - a +0 cloak
 o - a +0 cloak (worn)
 v - a +0 helmet (worn)
Wands
 r - a wand of flame (28)
Scrolls
 c - a scroll of blinking
 n - a scroll of enchant weapon
 p - a scroll of fog
 s - 2 scrolls of fear
Potions
 f - a potion of brilliance {unknown}
 i - 2 potions of curing
 l - a potion of invisibility
 m - 2 potions of attraction
 t - 2 potions of mutation
 u - 4 potions of heal wounds


   Skills:
 + Level 5.3 Fighting
 - Level 1.7 Long Blades
 - Level 0.7 Throwing
 - Level 1.0 Armour
 - Level 2.1 Dodging
 + Level 4.7 Spellcasting
 + Level 4.7 Conjurations
 + Level 4.7 Hexes
 + Level 4.7 Summonings
 + Level 4.7 Necromancy
 + Level 4.7 Translocations
 + Level 4.7 Fire Magic
 + Level 4.7 Ice Magic
 + Level 4.7 Air Magic
 + Level 4.7 Earth Magic
 + Level 4.7 Alchemy


You knew the following spells:

 Your Spells              Type           Power      Damage    Failure   Level
a - Blink                 Tloc           36%        N/A       4%          2
b - Lesser Beckoning      Tloc           36%        N/A       4%          2
c - Teleport Other        Tloc           18%        N/A       10%         3
d - Manifold Assault      Tloc           18%        N/A       30%         4
e - Vhi's Electric Charg  Tloc/Air       36%        N/A       30%         4
f - Necrotise             Necr           72%        1d7       3%          1
g - Ensorcelled Hibernat  Hex/Ice        36%        N/A       4%          2
h - Jinxbite              Hex            36%        N/A       4%          2
Your spell library was empty.

Dungeon Overview and Level Annotations

Branches:
Dungeon (5/15)
 Temple: D:4-7

Altars:
Fedhas

Shops:
D:3 *   D:4 *

Annotations:
D:2 Sigmund
D:3 1 runed translucent door, Crazy Yiuf
D:5 Pikel


Innate Abilities, Weirdness & Mutations

You are immune to sickness and miasma.
You are immune to poison.
Your flesh is very heat resistant. (rF++)
You are vulnerable to cold. (rC-)
You float through the air rather than walking.
You learn spells naturally, not from books.
Your magical power is your life essence.
You have superior vitality. (+4 MHP)


Message History

The wight is heavily damaged.
The wight closely misses you. The wight barely misses you.
You hit the wight. You burn the wight.
The wight is almost destroyed.
The wight hits you with a +0 scimitar! The wight hits you with a +0 flail.
You puncture the wight! You burn the wight.
You destroy the wight!
The wight hits you with a +0 scimitar!
Your Fighting skill increases to level 5!
You have reached level 7!
The power to cast Jinxbite wells up from within.
Spell assigned to 'h'.
You hit the wight. You burn the wight. You punch the wight!
The wight is severely damaged.
The wight hits you with a +0 scimitar.
* * * LOW HITPOINT WARNING * * *
You barely miss the wight.
The wight is severely damaged.
The wight barely misses you.
You hit the wight. You burn the wight.
You destroy the wight!
Items here: )) [[.
A wight comes into view. It is wielding a +4 long sword.
There is an open door here.
The wight hits you with a +4 long sword!
* * * LOW HITPOINT WARNING * * *
You hit the wight. You burn the wight.
The wight is moderately damaged.
The wight hits you with a +4 long sword.
* * * LOW HITPOINT WARNING * * *
You hit the wight. You burn the wight.
The wight is heavily damaged.
The wight hits you with a +4 long sword.
* * * LOW HITPOINT WARNING * * *
You barely miss the wight.
The wight is heavily damaged.
You hit the wight. You burn the wight.
The wight is almost destroyed.
The wight hits you with a +4 long sword!
You die...

#.....####.#
##+##.....+..#.#
#...#.....##...#
#+#...#'#.###....#
#.......#.'...#..#
###)..#########.##
#.')..+ #.#
#+#.##### #.#
#..@..# #.#
#.z...# #.#
#.....# ...
#'#.### #.#.+
#.### #.


You could see a wight.

Vanquished Creatures
  An ogre (D:4)
  3 wights (D:5)
  A bombardier beetle (D:3)
  2 hounds
  2 adders
  3 orcs (D:4)
  5 endoplasms
  2 giant cockroaches
  7 goblins
  8 hobgoblins
  2 jackals (D:4)
  6 quokkas
  2 ball pythons
  7 bats
  5 frilled lizards
  7 kobolds
63 creatures vanquished.

Vanquished Creatures (collateral kills)
  An orc (D:4)
1 creature vanquished.

Grand Total: 64 creatures vanquished

Notes
Turn   | Place    | Note
-------+----------+-------------------------------------------
     0 | D:1      | cforsyth the Djinni Warper began the quest for the Orb.
     0 | D:1      | cforsyth set off with the following spells memorised:
                  | Blink, Lesser Beckoning, Teleport Other, Manifold Assault,
                  | Vhi's Electric Charge.
     0 | D:1      | Reached XP level 1. HP: 18/18 MP: 0/0
   264 | D:1      | Reached XP level 2. HP: 16/23 MP: 0/0
   449 | D:1      | You are sucked into a shaft and drop 1 floor!
   708 | D:2      | Reached XP level 3. HP: 29/29 MP: 0/0
   708 | D:2      | Learned a level 1 spell: Necrotise
   987 | D:2      | Noticed Sigmund
  1116 | D:3      | Reached skill level 3 in Fighting
  1290 | D:3      | Reached XP level 4. HP: 25/35 MP: 0/0
  1607 | D:3      | Found a runed translucent door.
  1608 | D:3      | Noticed Crazy Yiuf
  1678 | D:3      | Found Byisch's General Store.
  1822 | D:4      | Found Cecrey's General Store.
  1827 | D:4      | Bought a potion of heal wounds for 60 gold pieces
  1947 | D:4      | Reached XP level 5. HP: 39/41 MP: 0/0
  1947 | D:4      | Learned a level 2 spell: Ensorcelled Hibernation
  2135 | D:4      | Noticed an ogre
  2146 | D:4      | Reached skill level 4 in Fighting
  2357 | D:4      | Found a blossoming altar of Fedhas.
  2526 | D:4      | Killed an ogre
  2527 | D:4      | Reached XP level 6. HP: 41/48 MP: 0/0
  2897 | D:4      | Identified the +2 spear of Animal Spirits {holy, rF- rCorr
                  | Str+8 Stlth+}
  3110 | D:5      | Entered Level 5 of the Dungeon
  3115 | D:5      | Noticed Pikel
  3215 | D:5      | Reached skill level 5 in Fighting
  3215 | D:5      | Reached XP level 7. HP: 19/54 MP: 0/0
  3215 | D:5      | Learned a level 2 spell: Jinxbite
  3223 | D:5      | HP: 2/54 [wight/+4 long sword (5)]
  3225 | D:5      | Mangled by a wight

Illustrated notes

Levels and vault maps discovered:
D:1:      dpeg_arrival_shrine, layout_rooms
D:2:      layout_basic, ebering_ecumenical_altar_box, uniq_sigmund
D:3:      layout_rooms, serial_shops, shop, serial_rivers,
          chequers_serial_rivers_room_a, chequers_serial_rivers_micro_a,
          chequers_serial_rivers_small_a, chequers_serial_rivers_room_a,
          chequers_serial_rivers_micro_e, uniq_crazy_yiuf_cottage
D:4:      layout_basic, kennysheep_mini_moat, serial_shops, shop
D:5:      nicolae_cairo_tiling_large, layout_basic, temple_fountains,
          gammafunk_ghost_cemetery, portal_sewer_entry_d, uniq_pikel,
          uniq_grinder, uniq_edmund

Skill      XL: |  1  2  3  4  5  6 |
---------------+-------------------+-----
Spellcasting   | 3 4 |  4.7
Conjurations   | 3 4 |  4.7
Hexes          | 3 4 |  4.7
Summonings     | 3 4 |  4.7
Necromancy     | 3 4 |  4.7
Translocations | 3 4 |  4.7
Fire Magic     | 3 4 |  4.7
Ice Magic      | 3 4 |  4.7
Air Magic      | 3 4 |  4.7
Earth Magic    | 3 4 |  4.7
Alchemy        | 3 4 |  4.7
Fighting       | 3 4 5 |  5.3
Long Blades    | |  1.7
Throwing       | |  0.7
Armour         | |  1.0
Dodging        | |  2.1

Action                     |  1- 3 |  4- 6 |  7- 9 || total
---------------------------+-------+-------+-------++-------
  Melee: Falchion          |    37 |       |       ||    37
         Short sword       |    31 |    10 |     7 ||    48
         Punch             |     1 |       |     1 ||     2
  Throw: Dart              |     5 |       |       ||     5
   Cast: Necrotise         |    40 |    71 |       ||   111
         Blink             |       |     2 |       ||     2
         Ensorcelled Hiber |       |     1 |       ||     1
  Evoke: Wand              |       |     2 |       ||     2
    Use: Scroll            |       |     8 |       ||     8
         Potion            |       |     1 |       ||     1
   Stab: Sleeping          |       |     1 |       ||     1
 Armour: Leather armour    |    57 |    27 |     5 ||    89
  Dodge: Dodged            |    48 |    33 |     1 ||    82

Table legend: (Time is in decaauts)
 A = Elapsed time spent in this place.
 B = Non-inter-level travel time spent in this place.
 C = Inter-level travel time spent in this place.
 D = Time resting spent in this place.
 E = Time spent auto-exploring this place.
 F = Levels seen in this place.
 G = Mean time per level.
                   A        B        C        D        E       F      G
               +--------+--------+--------+--------+--------+-----+--------+
         Total |   3231 |   3099 |    132 |    307 |   2174 |   5 |  646.2 |
       Dungeon |   3231 |   3099 |    132 |    307 |   2174 |   5 |  646.2 |
               +--------+--------+--------+--------+--------+-----+--------+

Top non-repeatable levels by time:
     D:4: 1160 daAuts
     D:3: 917 daAuts
     D:2: 616 daAuts
     D:1: 456 daAuts
     D:5: 80 daAuts
